 Dungeon Crawl Stone Soup version 0.23.2-1-ga50397a (webtiles) character file.

Game seed: 9220408773676191388

649 Fang the Skirmisher (level 7, 0/66 HPs)
             Began as a Gargoyle Berserker on May 29, 2019.
             Was a Priest of Trog.
             Slain by an orc wizard
             ... wielding a +0 dagger
              (3 damage)
             ... on level 4 of the Dungeon.
             The game lasted 00:04:12 (4327 turns).

Fang the Skirmisher (Gargoyle Berserker)            Turns: 4327, Time: 00:04:12

Health: 0/66       AC:  9    Str: 27    XL:     7   Next: 53%
Magic:  7/7        EV: 13    Int:  8    God:    Trog [***...]
Gold:   170        SH:  0    Dex:  9    Spells: 6/6 levels left

rFire    . . .     SeeInvis .   a - +0 hand axe
rCold    . . .     Gourm    .   (no shield)
rNeg     + . .     Faith    .   b - +0 animal skin
rPois    ∞         Spirit   .   (no helmet)
rElec    +         Reflect  .   j - +1 cloak {rPois}
rCorr    .         Harm     .   (no gloves)
MR       .....                  (no boots)
Stlth    ..........             m - amulet of rage
HPRegen  0.21/turn              (no ring)
MPRegen  0.10/turn              (no ring)

@: berserking (expiring), very quick
A: negative energy resistance 1, electricity resistance, unbreathing,
petrification resistance, rot immunity, AC +4
a: Berserk, Trog's Hand, Renounce Religion, Evoke Berserk Rage


You were on level 4 of the Dungeon.
You worshipped Trog.
Trog was most pleased with you.
You were very hungry.

You visited 1 branch of the dungeon, and saw 5 of its levels.

You collected 170 gold pieces.

Inventory:

Hand Weapons
 a - a +0 hand axe (weapon)
Armour
 b - a +0 animal skin (worn)
 j - a +1 cloak of poison resistance (worn)
Jewellery
 m - an amulet of rage (around neck)
Wands
 q - a wand of random effects (23)
Scrolls
 d - 3 scrolls of immolation {unknown}
 e - 7 scrolls of identify {unknown}
 f - 2 scrolls of magic mapping {unknown}
 k - a scroll of blinking {unknown}
 l - 2 scrolls of remove curse {unknown}
 o - a scroll of enchant weapon {unknown}
 r - a scroll of noise {unknown}
 s - 2 scrolls of random uselessness {unknown}
 u - 2 scrolls of teleportation {unknown}
 y - a scroll of enchant armour {unknown}
Potions
 g - a potion of lignification {unknown}
 h - 2 potions of flight {unknown}
 i - 2 potions of cancellation {unknown}
 n - a potion of magic {unknown}
 p - 6 potions of curing {unknown}
 v - a potion of ambrosia {unknown}
 w - a potion of agility {unknown}
 x - 2 potions of heal wounds {unknown}
 z - a potion of mutation {unknown}
Comestibles
 c - 8 rations
 t - 4 chunks of flesh


   Skills:
 + Level 5.4 Fighting
 + Level 4.4 Axes
 + Level 4.9 Armour
 + Level 3.5 Dodging


You had 6 spell levels left.
You didn't know any spells.
Your spell library was empty.

Dungeon Overview and Level Annotations

Branches:
Dungeon (5/15)
 Temple: D:4-7

Altars:
Yredelemnul


Innate Abilities, Weirdness & Mutations

You are resistant to torment.
Your stone body is resilient. (AC +4)
You are immune to poison.
You resist negative energy. (rN+)
You are resistant to electric shocks. (rElec)
You can survive without breathing.
You are immune to petrification.
You are immune to rotting.


Message History

The orc wizard is almost dead.
The orc wizard hits you but does no damage.
You closely miss the orc wizard.
The orc wizard is almost dead.
The orc wizard miscasts a cantrip.
You barely miss the orc wizard.
The orc wizard is almost dead.
The orc wizard hits you but does no damage.
You barely miss the orc wizard.
The orc wizard is almost dead.
The orc wizard casts a spell at you. The magic dart hits you.
* * * LOW HITPOINT WARNING * * *
You barely miss the orc wizard.
The orc wizard is almost dead.
The orc wizard closely misses you.
You miss the orc wizard.
The orc wizard is almost dead.
The orc wizard hits you with a +0 dagger.
You die...

###.###...##.......###..# #
##......###....### ##.#####
### #......####..## ##.......
#.###...##......## ##....####
##.##...........#
###...###...
##........##...###...#.......
#.#......###.......##....###
#.###...####...)....#.####≈≈
#.##....###@o...)......≈≈≈≈≈
##........#.......)).....≈≈≈≈
#.#######............#####.≈≈
#.# ##..........## #.## ###
#...........# ##... ###
#...........####.### #.#
###.###............### #.#
##...#####...........#
#.####..#..##.)...####....#


You could see an orc wizard.

Vanquished Creatures
  A phantom (D:4)
  2 big kobolds (D:4)
  A howler monkey (D:5)
  A crimson imp (D:5)
  A hound (D:5)
  An orc priest (D:3)
  An iguana (D:4)
  An orc wizard (D:3)
  A worker ant (D:4)
  10 adders
  2 oozes
  2 worms
  3 dart slugs
  3 leopard geckos
  4 orcs
  6 bats
  6 giant cockroaches
  5 goblins
  6 hobgoblins
  10 jackals
  3 quokkas
  3 ball pythons
  2 frilled lizards (D:1)
  23 kobolds
  6 rats
104 creatures vanquished.

Notes
Turn   | Place    | Note
-------+----------+-------------------------------------------
     0 | D:1      | Fang the Gargoyle Berserker began the quest for the Orb.
     0 | D:1      | Reached XP level 1. HP: 14/14 MP: 1/1
   479 | D:1      | Reached XP level 2. HP: 19/19 MP: 2/2
   816 | D:1      | Reached XP level 3. HP: 23/23 MP: 3/3
   904 | D:1      | Reached ** piety under Trog
  1267 | D:2      | Found a basalt altar of Yredelemnul.
  1471 | D:2      | Reached XP level 4. HP: 23/29 MP: 4/4
  1540 | D:2      | Reached skill level 4 in Fighting
  2233 | D:3      | Reached XP level 5. HP: 17/33 MP: 5/5
  2732 | D:4      | Reached *** piety under Trog
  2838 | D:4      | Reached XP level 6. HP: 18/39 MP: 6/6
  2983 | D:4      | Noticed a phantom
  3051 | D:4      | Killed a phantom
  3366 | D:4      | Reached skill level 5 in Fighting
  3370 | D:4      | Reached XP level 7. HP: 31/44 MP: 7/7
  4037 | D:5      | Entered Level 5 of the Dungeon
  4325 | D:4      | HP: 3/66 [orc wizard/magic dart (5)]
  4327 | D:4      | Slain by an orc wizard

Skill      XL: |  1  2  3  4  5  6 |
---------------+-------------------+-----
Axes           | 3 4 |  4.4
Dodging        | 2 3 |  3.5
Armour         | 3 4 |  4.9
Fighting       | 4 5 |  5.4

Action                   |  1- 3 |  4- 6 |  7- 9 || total
-------------------------+-------+-------+-------++-------
Melee: Hand axe          |   158 |   196 |    95 ||   449
Invok: Berserk           |       |     1 |     1 ||     2
       Trog's Hand       |       |     1 |       ||     1
 Stab: Sleeping          |     1 |       |       ||     1
  Eat: Chunk             |     2 |     4 |     3 ||     9
       Ration            |       |     1 |       ||     1
Armor: Animal skin       |    71 |    80 |    31 ||   182
Dodge: Dodged            |   122 |   132 |    63 ||   317
